AoeStats
← gcsamjw

Arena

510903157Analyzed
3v3 RM · 20h ago on Oct 3, 2026· 46m 7s· 6 players
Game mode
Random Map
Map size
Normal (6 player)
Population
200
Speed
Normal
Resources
Standard
Victory
Conquest
Starting age
Dark Age
Ending age
Imperial Age
RankedLock teamsTeams togetherTeam positionsShared explorationLock speedFull tech treeHidden civsTurbo modeCheats
Victory
Defeat
🇨🇱 Mapuche · Chile
1101
+14
🇨🇱 Cumans · Chile
1101
+14
🇺🇸 Turks · United States
982
+19
🇺🇸 Poles · United States
1071
-16
🇺🇸 Vikings · United States
1055
-16
🇹🇼 Danes · Taiwan
1048
-15
gcsamjw
12:14 Feudal Age
13:37 Loom
16:23 Castle Age
18:35 Double-Bit Axe
20:30 Forging
20:22 Scale Mail Armor
24:09 Arson
24:29 Squires
26:04 Iron Casting
26:17 Bow Saw
34:07 Chain Mail Armor
36:46 Chieftains
41:38 Imperial Age
41:38 Horse Collar
42:50 Conscription
43:58 Blast Furnace
43:28 Plate Mail Armor
42:22 Elite Varangian Guard
44:18 Fletching
44:44 Heavy Plow
45:00 Elite Berserk
poi
12:15 Feudal Age
16:59 Castle Age
15:27 Loom
15:52 Man-at-Arms
Faelian the Unsuccessful
9:21 Feudal Age
10:14 Feudal Age
14:02 Castle Age
12:18 Double-Bit Axe
13:44 Horse Collar
18:07 Scale Barding Armor
19:22 Forging
20:33 Light Cavalry
21:45 Husbandry
22:32 Bloodlines
24:28 Iron Casting
24:16 Chain Barding Armor
25:42 Heavy Plow
26:12 Bow Saw
26:46 Wheelbarrow
27:34 Iron Casting
28:00 Town Watch
28:08 Loom
30:28 Gold Mining
33:50 Imperial Age
33:04 Fletching
33:14 Padded Archer Armor
33:15 Scale Mail Armor
33:30 Fortified Wall
33:38 Crossbowman
34:14 Bodkin Arrow
35:05 Lechitic Legacy
35:39 Conscription
36:23 Blast Furnace
37:50 Chemistry
37:07 Hand Cart
37:01 Siege Engineers
37:06 Masonry
37:09 Stone Mining
37:52 Crop Rotation
37:49 Caravan
38:35 Bracer
38:14 Arbalester
39:01 Thumb Ring
40:15 Leather Archer Armor
41:06 Chain Mail Armor
41:09 Squires
40:57 Arson
41:29 Town Patrol
41:05 Elite Skirmisher
42:23 Ballistics
43:12 Plate Mail Armor
42:03 Pikeman
43:11 Winged Hussar
minondo007
12:36 Feudal Age
17:27 Castle Age
17:09 Double-Bit Axe
17:16 Stone Mining
17:18 Gold Mining
17:10 Horse Collar
25:08 Bow Saw
28:06 Wheelbarrow
32:23 Imperial Age
33:17 Hand Cart
33:01 Elite Janissary
34:30 Gold Shaft Mining
35:32 Two-Man Saw
35:48 Fortified Wall
37:02 Forging
37:04 Scale Barding Armor
37:32 Artillery
38:49 Squires
39:44 Bloodlines
39:34 Husbandry
40:15 Iron Casting
41:00 Conscription
41:18 Hoardings
42:53 Blast Furnace
42:13 Chain Barding Armor
Paquesito
10:38 Feudal Age
11:37 Double-Bit Axe
14:25 Champi Runner
16:41 Loom
17:12 Forging
17:02 Scale Mail Armor
16:57 Horse Collar
19:14 Gold Mining
19:15 Stone Mining
24:29 Castle Age
22:58 Arson
26:05 Wheelbarrow
25:45 Bow Saw
29:44 Imperial Age
26:45 Champi Warrior
28:00 Heavy Plow
30:30 Gold Shaft Mining
30:31 Stone Shaft Mining
30:27 Hand Cart
32:00 Crop Rotation
32:28 Elite Champi Warrior
33:13 Town Watch
34:23 Chain Mail Armor
34:43 Iron Casting
35:00 Iron Casting
36:41 Town Patrol
37:10 Conscription
38:18 Blast Furnace
37:49 Plate Mail Armor
41:37 Fletching
42:25 Hoardings
45:05 Bodkin Arrow
45:14 Malon
45:08 Elite Bolas Rider
diego02041989
10:31 Feudal Age
10:59 Double-Bit Axe
11:47 Gold Mining
16:30 Horse Collar
22:26 Wheelbarrow
25:51 Castle Age
25:44 Stone Mining
28:31 Hand Cart
29:43 Heavy Plow
29:54 Bow Saw
29:57 Forging
29:53 Scale Barding Armor
31:06 Steppe Husbandry
33:54 Gold Shaft Mining
34:11 Bloodlines
35:37 Iron Casting
46:18 Imperial Age
45:45 Chain Barding Armor
Connection lost

Rejoining the realm…

Still unreachable

The connection could not be restored.

Session expired

The server has moved on; the page needs a fresh start.